 Dungeon Crawl Stone Soup version 0.21-a0-278-ga722497 (webtiles) character file.

25752 MirrMurr the Severer (level 12, -3/112 HPs)
             Began as a Minotaur Berserker on Sept 23, 2017.
             Was a High Priest of Trog.
             Splashed by an oklob plant's acid (10 damage)
             ... on level 3 of the Lair of Beasts.
             The game lasted 00:38:54 (13499 turns).

MirrMurr the Severer (Minotaur Berserker)          Turns: 13499, Time: 00:38:55

Health: -3/112     AC: 17    Str: 29    XL:     12   Next: 92%
Magic:  0/3        EV: 13    Int:  4    God:    Trog [*****.]
Gold:   704        SH:  0    Dex: 13    Spells: 11/11 levels left

rFire    . . .     SeeInvis .   a - +3 broad axe (antimagic)
rCold    . . .     Gourm    .   (no shield)
rNeg     . . .     Faith    .   u - +1 plate armour
rPois    .         Spirit   +   (helmet restricted)
rElec    .         Reflect  .   (no cloak)
rCorr    .         Harm     .   L - +2 pair of gloves
MR       .....                  (no boots)
Stlth    ..........             t - amulet of guardian spirit
HPRegen  0.28/turn              A - +2 ring of protection
MPRegen  0.08/turn              R - +5 ring of strength

@: corroded, very slightly contaminated, invisible
A: retaliatory headbutt, horns 2
a: Berserk, Trog's Hand, Brothers in Arms, Burn Spellbooks, Renounce Religion


You were on level 3 of the Lair of Beasts.
You worshipped Trog.
Trog was extremely pleased with you.
You were not hungry.

You visited 3 branches of the dungeon, and saw 15 of its levels.

You collected 854 gold pieces.
You spent 150 gold pieces at shops.

Inventory:

Hand Weapons
 a - a +3 antimagic broad axe (weapon)
 b - a +0 hunting sling
 w - a +0 war axe
 U - a +0 hand crossbow
Missiles
 d - 3 throwing nets {!f}
 g - 539 stones
 m - 29 poisoned needles
 q - 76 sling bullets
 K - 7 tomahawks of returning (quivered)
Armour
 u - a +1 plate armour (worn)
 L - a +2 pair of gloves (worn)
Jewellery
 t - an amulet of guardian spirit (around neck)
 y - a +6 amulet of reflection
 A - a +2 ring of protection (left hand)
 F - an uncursed ring of see invisible
 M - an uncursed ring of fire
 R - a +5 ring of strength (right hand)
Wands
 j - a wand of lightning (6/15)
 p - a wand of clouds (3/9)
 G - a wand of digging (14/24)
 O - a wand of iceblast (7/15)
 P - a wand of disintegration (5/24)
Scrolls
 i - a scroll of identify
 n - 5 scrolls of teleportation
 o - 3 scrolls of enchant armour
 r - 4 scrolls of remove curse
 x - 2 scrolls of immolation
 D - a scroll of fear
 I - 3 scrolls of fog
 Q - a scroll of blinking
Potions
 f - 2 potions of might
 h - 5 potions of heal wounds
 k - 4 potions of brilliance
 l - 6 potions of curing
 B - 2 potions of resistance
 C - a potion of invisibility
 E - 4 potions of haste
 J - 2 potions of flight
 N - a potion of cancellation
 T - a potion of magic
 V - a potion of agility {unknown}
Books
 H - a book of Misfortune

   Spells                             Type                      Level
   a - Confusing Touch                Hexes                        1
   b - Confuse                        Hexes                        3
   c - Gell's Gravitas                Translocation                3
   d - Petrify                        Transmutation/Earth          4
   e - Metabolic Englaciation         Hexes/Ice                    5
   f - Yara's Violent Unravelling     Hexes/Transmutation          5
   Trog disapproves of the use of such an item.
Miscellaneous
 v - a phantom mirror
Comestibles
 c - 10 bread rations
 e - 18 fruits
 s - 16 meat rations
 z - 8 royal jellies
 S - 4 chunks of flesh


   Skills:
 + Level 12.2 Fighting
 * Level 16.0 Axes
 + Level 11.9 Armour
 + Level 10.9 Dodging


You had 11 spell levels left.
You didn't know any spells.

Dungeon Overview and Level Annotations

Branches:
Dungeon (11/15)            Temple (1/1) D:4            Lair (3/6) D:8
 Shoals (0/4) Lair:2
  Snake: Lair:2-4    Spider: Lair:2-4       Orc: D:9-12

Altars:
Ashenzari
Cheibriados
Dithmenos
Elyvilon
Okawaru
Qazlal
Ru
Sif Muna
Trog
Vehumet
Wu Jian
The Shining One

Shops:
D:4 !   D:11 :

Annotations:
Lair:3 exclusion: 3 oklob plants


Innate Abilities, Weirdness & Mutations

You reflexively headbutt those who attack you in melee.
You have a pair of horns on your head.


Message History

The oklob plant spits acid at something.
Unknown command.
The oklob plant spits acid at you. The splash of acid hits you!
The acid corrodes you!
You are splashed with acid!
The acid burns!
The oklob plant spits acid at you. The splash of acid hits you!
* * * LOW HITPOINT WARNING * * *
You are splashed with acid!
The acid burns!
* * * LOW HITPOINT WARNING * * *
You are too injured to fight recklessly!
You are too injured to fight recklessly!
You are too injured to fight recklessly!
You slash the oklob plant! You headbutt the oklob plant.
The oklob plant is moderately damaged.
The oklob plant spits acid at you. The splash of acid hits you!
* * * LOW HITPOINT WARNING * * *
You are splashed with acid!
The acid burns!
You die...

##### ###[%)### #P)%>%?P#
#@)%?P# ###.###
###.....### #.........##
# #..#.....#..### ####
#...###...###...## #...
#..#. #..#..#..#..####.>
...###...###...###...####
..#. #..#.
#..#..#..#..###


You could see 3 oklob plants.

Vanquished Creatures
  A hydra (Lair:2)
  2 two-headed ogres
  The ghost of MirrMurr the Cleaver, a novice MiBe of Trog (D:8)
  An unseen horror (D:11)
  A wolf spider zombie (D:11)
  An oklob plant (Lair:3)
  A cyclops (D:11)
  2 manticores
  7 elephants (Lair:3)
  A black mamba (Lair:2)
  2 gargoyles (D:11)
  3 spiny frogs
  3 komodo dragons
  2 rime drakes (Lair:3)
  A queen bee (Lair:3)
  A hornet (D:9)
  A troll (D:11)
  5 blink frogs (Lair:3)
  7 hippogriffs
  A spriggan (Lair:2)
  Sigmund (D:2)
  15 yaks
  5 basilisks (Lair:3)
  2 hungry ghosts
  A steam dragon (Lair:3)
  7 water moccasins
  A soldier ant (D:9)
  2 hell hounds (D:8)
  3 porcupines
  4 sky beasts
  6 orc warriors
  A necrophage (D:8)
  2 black bears
  3 phantoms
  4 wolves (Lair:3)
  3 ogres
  7 centaurs
  8 crocodiles
  A big kobold (D:3)
  6 bullfrogs
  A water moccasin zombie (D:7)
  A wyvern skeleton (D:6)
  4 scorpions
  28 killer bees (Lair:3)
  4 howler monkeys
  3 crimson imps
  A quasit (D:10)
  A centaur zombie (D:9)
  6 hounds
  2 jellies
  A bullfrog skeleton (D:6)
  8 orc priests
  7 orc wizards
  Jessica (D:2)
  4 iguanas
  Ijyb (D:4)
  6 worker ants
  Terence (D:2)
  A hound zombie (D:10)
  4 hound skeletons
  7 gnolls
  7 adders
  2 oozes
  An adder zombie (D:6)
  2 adder skeletons
  A worm (D:2)
  4 dart slugs
  3 leopard geckos
  62 orcs
  A ball python (D:1)
  5 bats
  5 giant cockroaches
  8 goblins
  12 hobgoblins
  22 jackals
  2 quokkas (D:8)
  5 frilled lizards
  A giant cockroach zombie (D:6)
  16 kobolds
  2 quokka skeletons
  2 quokka zombies
  7 rats
  A plant (Lair:3)
389 creatures vanquished.

Vanquished Creatures (collateral kills)
  2 hydras
  A hungry ghost (D:11)
  A bullfrog (Lair:2)
4 creatures vanquished.

Grand Total: 393 creatures vanquished

Notes
Turn   | Place    | Note
-------+----------+-------------------------------------------
     0 | D:1      | MirrMurr the Minotaur Berserker began the quest for the Orb.
     0 | D:1      | Reached XP level 1. HP: 19/19 MP: 0/0
   105 | D:1      | Reached skill level 4 in Axes
   105 | D:1      | Reached XP level 2. HP: 26/27 MP: 1/1
  1078 | D:2      | Noticed Terence
  1092 | D:2      | Killed Terence
  1092 | D:2      | Reached XP level 3. HP: 33/33 MP: 2/2
  1206 | D:2      | Noticed Sigmund
  1290 | D:2      | Killed Sigmund
  1290 | D:2      | Reached skill level 5 in Axes
  1290 | D:2      | Reached XP level 4. HP: 26/41 MP: 3/3
  1290 | D:2      | Reached XP level 5. HP: 30/47 MP: 4/4
  1438 | D:2      | Reached ** piety under Trog
  1513 | D:2      | Noticed Jessica
  1524 | D:2      | Killed Jessica
  1669 | D:2      | Found a shadowy altar of Dithmenos.
  1844 | D:2      | Reached skill level 5 in Fighting
  1844 | D:2      | Reached XP level 6. HP: 46/56 MP: 5/5
  1981 | D:3      | Reached skill level 6 in Axes
  2573 | D:4      | Found Etuob's Distillery.
  2616 | D:4      | Found a staircase to the Ecumenical Temple.
  2634 | Temple   | Entered the Ecumenical Temple
  2735 | D:4      | Reached XP level 7. HP: 59/61 MP: 6/6
  3006 | D:4      | Reached *** piety under Trog
  3325 | D:4      | Found a deep blue altar of Sif Muna.
  3326 | D:4      | Noticed Ijyb
  3327 | D:4      | Found a snail-covered altar of Cheibriados.
  3332 | D:4      | Killed Ijyb
  3338 | D:4      | Found an ornate altar of the Wu Jian Council.
  3435 | D:4      | Reached skill level 7 in Axes
  3435 | D:4      | Reached skill level 5 in Armour
  3639 | D:4      | Bought a potion of heal wounds for 50 gold pieces
  3639 | D:4      | Bought a potion of haste for 100 gold pieces
  3717 | D:5      | Entered Level 5 of the Dungeon
  3992 | D:5      | Found a bloodstained altar of Trog.
  4546 | D:5      | Reached skill level 5 in Dodging
  4546 | D:5      | Reached XP level 8. HP: 70/70 MP: 7/7
  4918 | D:6      | Reached skill level 8 in Axes
  5728 | D:7      | Reached **** piety under Trog
  5728 | D:7      | Reached skill level 9 in Axes
  5841 | D:7      | Received a gift from Trog
  6346 | D:7      | Found a sacrificial altar of Ru.
  6444 | D:7      | Reached XP level 9. HP: 78/79 MP: 8/8
  6753 | D:8      | Found a white marble altar of Elyvilon.
  6785 | D:8      | Found a staircase to the Lair.
  6923 | D:8      | Reached skill level 10 in Axes
  7016 | D:8      | Noticed MirrMurr's ghost (novice MiBe)
  7033 | D:8      | Killed MirrMurr's ghost
  7556 | D:9      | Reached skill level 11 in Axes
  7569 | D:9      | Reached XP level 10. HP: 87/90 MP: 3/9
  7766 | D:9      | Reached ***** piety under Trog
  8313 | D:9      | Paralysed by a hornet for 3 turns
  8323 | D:9      | Paralysed by a hornet for 2 turns
  8326 | D:9      | Reached skill level 12 in Axes
  8386 | D:9      | Found a glowing golden altar of the Shining One.
  8587 | D:9      | Noticed a two-headed ogre
  8592 | D:9      | Killed a two-headed ogre
  8752 | D:10     | Entered Level 10 of the Dungeon
  9455 | D:10     | Noticed a two-headed ogre
  9468 | D:10     | Killed a two-headed ogre
  9468 | D:10     | Reached skill level 10 in Fighting
  9468 | D:10     | Reached skill level 13 in Axes
  9468 | D:10     | Reached XP level 11. HP: 99/99 MP: 6/10
  9741 | D:11     | Noticed an unseen horror
  9751 | D:11     | Killed an unseen horror
 10046 | D:11     | Reached skill level 10 in Armour
 10122 | D:11     | Found Roeghac's Book Shoppe.
 10157 | D:11     | Noticed an eight-headed hydra
 10164 | D:11     | Killed an eight-headed hydra
 10839 | Lair:1   | Entered Level 1 of the Lair of Beasts
 10846 | Lair:1   | Received a gift from Trog
 11328 | Lair:1   | Reached skill level 14 in Axes
 12014 | Lair:2   | Noticed a four-headed hydra
 12128 | Lair:2   | Noticed a seven-headed hydra
 12135 | Lair:2   | Killed a seven-headed hydra
 12221 | Lair:2   | Killed an eight-headed hydra
 12221 | Lair:2   | Reached XP level 12. HP: 110/110 MP: 3/11
 12235 | Lair:2   | Reached skill level 10 in Dodging
 12389 | Lair:2   | Found a staircase to the Shoals.
 12799 | Lair:3   | Reached skill level 15 in Axes
 13451 | Lair:3   | Reached skill level 16 in Axes
 13499 | Lair:3   | Splashed by an oklob plant's acid

Vault maps used:
D:1:      minmay_arrival_three_doors
D:2:      nicolae_dithmenos_through_a_glass_darkly, serial_glass,
          glass_columns_c, glass_columns_a, kennysheep_nub, uniq_terence,
          uniq_jessica, uniq_sigmund
D:4:      minitemple, minmay_temple_entry_glassed_door, serial_shops,
          nicolae_shop_crystal, uniq_ijyb
D:5:      lightli_temple_of_fire, first_bread
D:6:      st_stairs_13, hangedman_decor_points
D:7:      corexii_shantytown, basic_altar
D:8:      minmay_lair_entry_lava, basic_altar
D:9:      lemuel_coloured_pillars_altar, special_room, grunt_ogre_cave
D:11:     serial_shops, shop, serial_corexii_hall, corexii_hall_statues_l,
          corexii_hall_statues_t, corexii_hall_statues_u, corexii_hall_statues_s
Temple:   eino_temple_rhombus
Lair:1:   mumra_transporter_accident
Lair:2:   minmay_shoals_entry_beasts, grunt_forest_large_clearing_hut
Lair:3:   hangedman_what_comes_after_a

Skill      XL: |  1  2  3  4  5  6  7  8  9 10 11 12 |
---------------+-------------------------------------+-----
Axes           | 4 5 6 7 9 11 13 14 16 | 16.0
Fighting       | 4 5 6 7 8 10 11 12 | 12.2
Armour         | 3 4 5 6 8 9 10 11 | 11.9
Dodging        | 3 4 5 6 7 8 9 10 | 10.9

Action                   |  1- 3 |  4- 6 |  7- 9 | 10-12 || total
-------------------------+-------+-------+-------+-------++-------
Melee: Hand axe          |    67 |    87 |       |       ||   154
       Headbutt          |     9 |    18 |    48 |   147 ||   222
       War axe           |       |    21 |   252 |   305 ||   578
       Broad axe         |       |       |       |   269 ||   269
 Fire: Hunting sling     |       |    18 |   182 |   192 ||   392
Invok: Berserk           |     1 |       |     1 |     6 ||     8
       Trog's Hand       |       |     1 |       |     8 ||     9
       Brothers in Arms  |       |       |       |     2 ||     2
       Burn Spellbooks   |       |       |       |     1 ||     1
Evoke: Wand              |       |       |       |     4 ||     4
  Use: Scroll            |     4 |     5 |    10 |    11 ||    30
       Potion            |       |       |       |     1 ||     1
  Eat: Chunk             |     2 |     5 |    16 |    25 ||    48
       Royal jelly       |       |       |     1 |     3 ||     4
Armor: Animal skin       |    13 |       |       |       ||    13
       Ring mail         |    11 |    16 |       |       ||    27
       Plate armour      |       |    49 |   175 |   354 ||   578
Dodge: Dodged            |    39 |    51 |   123 |   341 ||   554

Table legend:
 A = Spawn XP
 B = Non-spawn XP
 C = Spawn XP percentage of total XP
 D = Spawn monster count
 E = Non-spawn monster count
 F = Spawn count percentage of total count
 G = Total turns spent on level
                    A         B        C        D         E        F      G
               +---------+---------+-------+---------+---------+-------+---------
         Total |       0 |   36789 |   0.0 |       0 |     392 |   0.0 | 13499
               +---------+---------+-------+---------+---------+-------+---------
           D:1 |       0 |      29 |   0.0 |       0 |      16 |   0.0 |  1069
           D:2 |       0 |     375 |   0.0 |       0 |      28 |   0.0 |   840
           D:3 |       0 |     206 |   0.0 |       0 |      20 |   0.0 |   659
           D:4 |       0 |     409 |   0.0 |       0 |      24 |   0.0 |  1147
           D:5 |       0 |     479 |   0.0 |       0 |      18 |   0.0 |  1156
           D:6 |       0 |     733 |   0.0 |       0 |      15 |   0.0 |   830
           D:7 |       0 |     797 |   0.0 |       0 |      41 |   0.0 |  1081
           D:8 |       0 |    1843 |   0.0 |       0 |      15 |   0.0 |   738
           D:9 |       0 |    4535 |   0.0 |       0 |      63 |   0.0 |  1257
          D:10 |       0 |    2483 |   0.0 |       0 |      30 |   0.0 |  1002
          D:11 |       0 |    4836 |   0.0 |       0 |      24 |   0.0 |  1058
        Lair:1 |       0 |    1707 |   0.0 |       0 |       8 |   0.0 |   992
        Lair:2 |       0 |    6068 |   0.0 |       0 |      21 |   0.0 |   836
        Lair:3 |       0 |   12289 |   0.0 |       0 |      69 |   0.0 |   832
               +---------+---------+-------+---------+---------+-------+---------
